 Dungeon Crawl Stone Soup version 0.31-a0-1101-g9ad1905 (webtiles) character file.

Game seed: 13215614163557697958

25634 Yuuka the Brawler (level 12, 0/199 HPs)
             Began as an Armataur Artificer on Dec 1, 2023.
             Was an Initiate of Gozag.
             Slain by Donald
             ... wielding a +5 double sword of electrocution
              (18 damage)
             ... on level 2 of the Orcish Mines.
             The game lasted 00:24:48 (12926 turns).

Yuuka the Brawler (Armataur Artificer)             Turns: 12926, Time: 00:24:49

Health: 0/199      AC: 26    Str: 21    XL:     12   Next: 91%
Magic:  12/12      EV:  1    Int: 10    God:    Gozag
Gold:   474        SH:  5    Dex: 16    Spells: 11/11 levels left

rFire   . .          .
                       - Unarmed
rCold   . . .        r - +1 buckler
rNeg    + . .        F - melded +1 leather armour {rF+}
rPois   +            v - melded +2 hat
rElec   .            c - melded +0 cloak of Caijicod {Will+ Str-4 SInv}
rCorr   .            z - melded +0 pair of gloves {hurl}
SInv    .            (no barding)
Will    .....        l - amulet of regeneration Stlth
                     e - ring of Garu {rPois rN+ Int-2 Dex+4}
HPRegen 1.33/turn    E - +5 ring of evasion
MPRegen 0.13/turn

%: roll
@: berserking, tree-form, weak-willed, very quick
A: stationary, stasis, torment immunity, boosted hp, large, (deformed body),
(tough skin 3), (armoured tail), roll 2, long tongue
a: Renounce Religion, Potion Petition, Call Merchant, Bribe Branch


You were on level 2 of the Orcish Mines.
You worshipped Gozag.
Gozag was aware of your devotion.
You were a tree.
You visited 3 branches of the dungeon, and saw 15 of its levels.

You collected 4420 gold pieces.
You spent 1341 gold pieces at shops.
You paid 2605 gold pieces to Gozag.

Inventory:

Missiles
 b - 2 throwing nets
Armour
 c - the +0 cloak of Caijicod (melded) {Will+ Str-4 SInv}
   (You found it on level 7 of the Dungeon)

   Str-4:     It affects your strength (-4).
   Will+:     It increases your willpower.
   SInv:      It lets you see invisible.
 h - a +0 kite shield
 r - a +1 buckler (worn)
 v - a +2 hat (melded)
 z - a +0 pair of gloves of hurling (melded)
 F - a +1 leather armour of fire resistance (melded)
 H - a scarf of repulsion
 J - the +4 plate armour "Ilur" {Dex+2}
   (You found it on level 11 of the Dungeon)

   Dex+2:     It affects your dexterity (+2).
Jewellery
 e - the ring of Garu (left branch) {rPois rN+ Int-2 Dex+4}
   (You found it on level 7 of the Dungeon)

   [ring of poison resistance]

   Int-2:     It affects your intelligence (-2).
   Dex+4:     It affects your dexterity (+4).
   rPois:     It protects you from poison rN+: It protects you from negative
   energy.
 l - an amulet of regeneration (around neck)
 t - a ring of resist corrosion
 E - a +5 ring of evasion (right branch)
Wands
 d - a wand of charming (7)
 u - a wand of iceblast (4)
 y - a wand of digging (5)
Scrolls
 a - 2 scrolls of blinking
 g - a scroll of noise
 i - 6 scrolls of teleportation
 m - 3 scrolls of enchant armour
 q - 2 scrolls of vulnerability
 s - 3 scrolls of amnesia
 C - a scroll of identify
 D - a scroll of enchant weapon
Potions
 f - 3 potions of might
 j - 4 potions of heal wounds
 k - 3 potions of magic
 w - 2 potions of curing
 A - a potion of enlightenment
 B - a potion of lignification
 G - a potion of cancellation {unknown}
 I - a potion of mutation {unknown}


   Skills:
 + Level 3.0 Fighting
 - Level 2.4 Armour
 - Level 0.6 Dodging
 - Level 1.1 Stealth
 - Level 19.3 Unarmed Combat
 - Level 3.0 Evocations


You had 11 spell levels left.
You didn't know any spells.
Your spell library contained the following spells:

 Spells                   Type           Power      Damage    Failure   Level
 Cigotuvi's Dreadful Rot  Necr/Pois/Air  0%         N/A       58%         2
 Ensorcelled Hibernation  Hex/Ice        0%         N/A       58%         2
 Jinxbite                 Hex            0%         N/A       58%         2
 Poisonous Vapours        Pois/Air       0%         N/A       58%         2
 Dazzling Flash           Conj/Hex       0%         N/A       82%         3
 Ignite Poison            Fire/Tmut/Pois 0%         N/A       82%         3
 Mephitic Cloud           Conj/Pois/Air  0%         N/A       82%         3
 Tukima's Dance           Hex            0%         N/A       82%         3
 Volatile Blastmotes      Fire/Tloc      0%         2d10      82%         3
 Anguish                  Hex/Necr       0%         N/A       99%         4
 Passage of Golubria      Tloc           0%         N/A       99%         4
 Agony                    Necr           0%         N/A       100%        5
 Alistair's Intoxication  Tmut/Pois      0%         N/A       100%        5
 Borgnjor's Vile Clutch   Necr/Erth      0%         N/A       100%        5
 Freezing Cloud           Conj/Ice/Air   0%         6-21      100%        5
 Silence                  Hex/Air        0%         N/A       100%        5
 Summon Forest            Summ/Tloc      0%         N/A       100%        5
 Yara's Violent Unravell  Hex/Tmut       0%         3d3       100%        5
 Eringya's Noxious Bog    Tmut/Pois      0%         4d6       100%        6
 Starburst                Conj/Fire      0%         6d3       100%        6
 Summon Hydra             Summ           0%         N/A       100%        7
 Maxwell's Capacitive Co  Air            0%         ∞         100%        8


Dungeon Overview and Level Annotations

Branches:
Dungeon (12/15)            Temple (1/1) D:7            Lair (0/5) D:9
    Orc (2/2) D:9
    Elf: Orc:2

Altars:
Ashenzari
Cheibriados
Dithmenos
Elyvilon
Fedhas
Gozag
Kikubaaqudgha
Makhleb
Nemelex Xobeh
Okawaru
Qazlal
Ru
Trog
Uskayaw
Vehumet
Wu Jian
Xom
Yredelemnul
Zin
The Shining One

Shops:
D:4 [   D:8 ?   D:9 *   D:10 !   Orc:1 [

Portals:
Trove: D:11 (give +3 shadow dragon scales)

Annotations:
D:5 Dowan
Orc:2 Donald


Innate Abilities, Weirdness & Mutations

You are a tree.
Your roots penetrate the ground, keeping you stationary.
You cannot be teleported.
You are immune to unholy pain and torment.
Your maximum health is greatly increased.
Your equipment is partially melded.
((Armour fits poorly on your strangely shaped body.))
((You have extremely tough skin. (AC +3)))
((You have a long armoured tail.))
You roll and regenerate health when moving toward enemies. (Rampage Heal)
Your long tongue fully drains potion bottles. (2x potion effects)


Message History

Donald hits you with a +5 double sword of electrocution!!
You turn into a tree.
The +0 cloak of Caijicod {Will+ Str-4 SInv} melds into your body.
Your +2 hat melds into your body.
Your +0 pair of gloves of hurling melds into your body.
Your +1 leather armour of fire resistance melds into your body.
Your aim is not that steady anymore.
You feel less resistant to fire.
Your roots penetrate the ground.
You slurp down every last drop of the potion of lignification!
A warg comes into view.
Donald says, "At least there's gold.
That doesn't make up for it."
Donald completely misses you.
A red film seems to cover your vision as you go berserk!
You feel yourself moving faster!
You feel mighty!
You slurp down every last drop of the potion of berserk rage!
The warg howls!
Donald hits you with a +5 double sword of electrocution!!!
Donald makes a rude gesture at you. Donald completely misses you.
You pummel Donald!!
Donald is heavily wounded.
You pummel Donald!!
Donald is severely wounded.
Donald hits you with a +5 double sword of electrocution!!
You are too injured to fight recklessly!
You hit Donald.
Donald is almost dead.
Donald says, "I saw some gold over there.
Quick, better go get it!"
Donald hits you with a +5 double sword of electrocution!!
* * * LOW HITPOINT WARNING * * *
Donald blocks your attack.
Donald is almost dead.
Donald blocks your attack.
Donald is almost dead.
Donald hits you with a +5 double sword of electrocution!!!
* * * LOW HITPOINT WARNING * * *
You are electrocuted!!
You die...
Donald says, "I won.
I... don't hate that."
Your body crumbles into a pile of gold.

##........###..........
#........#............
###......#....#....
#............ ..
###.........# ..
##.......######.
#........###.#.
###..@......#...#
##....♣.h#.......##
#.......###.......#
#.......##........#
#.......##.......####
#.......####........#
##......###.........#
#..................###
###................#
#......^........##


You could see Donald (fast, strong, weak-willed) and a warg.

Vanquished Creatures
  Azrael (Orc:2)
  Erolcha (D:10)
  2 centaur warriors
  2 boulder beetles (D:9)
  A two-headed ogre (D:11)
  Urug (D:10)
  A skeletal warrior (D:10)
  An orc knight (D:9)
  An orc sorcerer (Orc:1)
  2 ugly things
  A deep elf pyromancer (D:9)
  2 kobold blastminers (Orc:1)
  5 centaur zombies (D:10)
  A centaur skeleton (D:10)
  3 unseen horror zombies (D:10)
  2 gargoyles (D:10)
  Psyche (D:11)
  An unseen horror (D:11)
  A freezing wraith (D:9)
  3 unseen horror skeletons (D:10)
  4 trolls
  A guardian mummy (D:11)
  A wyvern (D:7)
  Sigmund (D:4)
  2 shadows (D:10)
  4 flying skulls (D:10)
  A vampire (D:9)
  3 wraiths
  11 yaks
  3 fire elementals (Orc:2)
  Grum (D:11)
  2 steam dragons
  A vampire mosquito (D:9)
  A warg (Orc:1)
  3 acid dragons
  3 hell hounds (Orc:2)
  11 orc warriors
  An ice beast (D:7)
  3 black bears
  3 ogres
  2 sky beasts
  7 centaurs
  2 wolves
  3 phantoms
  2 gnoll sergeants
  5 bullfrogs
  3 scorpions
  14 wights
  5 killer bees
  11 howler monkeys
  2 jellies
  A gnoll bouda (D:8)
  12 orc priests
  5 hounds
  Jessica (D:2)
  19 orc wizards
  2 sleepcaps (D:5)
  An iguana (D:7)
  A centaur simulacrum (D:9)
  3 howler monkey zombies (D:10)
  2 howler monkey skeletons (D:10)
  9 adders
  23 gnolls
  2 shadow imps
  4 white imps
  4 ufetubi
  2 adder skeletons (D:3)
  4 worms
  4 dart slugs
  53 orcs
  6 bats
  13 endoplasms
  A giant cockroach (D:2)
  14 goblins
  13 hobgoblins
  6 jackals
  6 quokkas
  10 ball pythons
  4 frilled lizards
  14 kobolds
  16 rats
404 creatures vanquished.

Vanquished Creatures (collateral kills)
  Duvessa (D:5)
  A killer bee (D:7)
  A gnoll bouda (D:7)
  3 orcs (D:7)
6 creatures vanquished.

Vanquished Creatures (others)
  A scorpion (D:5)
  2 killer bees (D:7)
  An iguana (D:5)
  An orc wizard (D:7)
  An adder (D:5)
  2 gnolls (D:7)
8 creatures vanquished.

Grand Total: 418 creatures vanquished

Notes
Turn   | Place    | Note
-------+----------+-------------------------------------------
     0 | D:1      | Yuuka the Armataur Artificer began the quest for the Orb.
     0 | D:1      | Reached XP level 1. HP: 15/15 MP: 1/1
    66 | D:1      | Reached skill level 1 in Unarmed Combat
   159 | D:1      | Reached XP level 2. HP: 21/22 MP: 2/2
   207 | D:1      | Reached skill level 2 in Unarmed Combat
   321 | D:1      | Reached XP level 3. HP: 17/27 MP: 3/3
   661 | D:2      | Identified the +4 sling "Impslayer" {heavy, rC+}
   803 | D:2      | Reached skill level 3 in Unarmed Combat
   900 | D:2      | Found a hide-covered altar of Uskayaw.
   971 | D:2      | Reached XP level 4. HP: 34/34 MP: 4/4
  1089 | D:2      | Noticed Jessica
  1091 | D:2      | Killed Jessica
  1092 | D:2      | Reached skill level 4 in Unarmed Combat
  1399 | D:2      | Reached XP level 5. HP: 35/39 MP: 5/5
  1644 | D:3      | Reached skill level 5 in Unarmed Combat
  2239 | D:3      | Found a snail-covered altar of Cheibriados.
  2239 | D:3      | Found a faded altar of an unknown god.
  2256 | D:3      | Found a basalt altar of Yredelemnul.
  2258 | D:3      | Found an ornate altar of the Wu Jian Council.
  2260 | D:3      | Found a white marble altar of Elyvilon.
  2272 | D:3      | Prayed at the altar of an unknown god.
  2272 | D:3      | Became a worshipper of Uskayaw the Reveller
  2272 | D:3      | Reached * piety under Uskayaw
  2342 | D:3      | Fell from the grace of Uskayaw
  2439 | D:4      | Reached XP level 6. HP: 35/46 MP: 6/6
  2624 | D:4      | Found Putsicou's Armour Boutique.
  2652 | D:4      | Noticed Sigmund
  2659 | D:4      | Reached skill level 6 in Unarmed Combat
  2659 | D:4      | Killed Sigmund
  2660 | D:4      | Gained mutation: You roll and regenerate health when moving
                  | toward enemies. (Rampage Heal) [Armataur growth]
  2660 | D:4      | Reached XP level 7. HP: 51/51 MP: 7/7
  2873 | D:4      | Reached skill level 7 in Unarmed Combat
  3201 | D:5      | Entered Level 5 of the Dungeon
  3386 | D:5      | Reached skill level 8 in Unarmed Combat
  3491 | D:5      | Reached XP level 8. HP: 57/58 MP: 8/8
  3518 | D:5      | Found a shimmering altar of Xom.
  3535 | D:5      | Reached skill level 9 in Unarmed Combat
  3707 | D:5      | Found a broken altar of Ashenzari.
  3840 | D:5      | Noticed Dowan
  3840 | D:5      | Noticed Duvessa
  3857 | D:5      | Killed Duvessa
  3919 | D:6      | Reached skill level 10 in Unarmed Combat
  4234 | D:7      | Reached XP level 9. HP: 54/63 MP: 9/9
  4316 | D:7      | Found a staircase to the Ecumenical Temple.
  4330 | Temple   | Entered the Ecumenical Temple
  4339 | Temple   | Became a worshipper of Gozag Ym Sagoz the Greedy
  4359 | D:7      | Reached skill level 11 in Unarmed Combat
  4497 | D:7      | Identified the ring of Garu {rPois rN+ Int-2 Dex+4}
  5128 | D:6      | Reached skill level 12 in Unarmed Combat
  5133 | D:6      | Paralysed by the fury of Uskayaw for 5 turns
  5660 | D:6      | Reached skill level 13 in Unarmed Combat
  5663 | D:6      | Reached XP level 10. HP: 32/70 MP: 10/10
  6249 | D:7      | Identified the +0 cloak of Caijicod {Will+ Str-4 SInv}
  6559 | D:6      | Was forgiven by Uskayaw
  6674 | D:8      | Identified the +5 battleaxe of Kismet {pain, *Corrode rElec
                  | rPois rC+++ Int-4}
  6675 | D:8      | Identified the +6 war axe "Pack" {heavy, rC+ Str+3 Int+3}
  7476 | D:8      | Reached skill level 14 in Unarmed Combat
  8019 | D:8      | Bought a scroll of identify for 26 gold pieces
  8019 | D:8      | Bought a scroll of butterflies for 52 gold pieces
  8019 | D:8      | Bought a scroll of identify for 26 gold pieces
  8522 | D:9      | Found Mazxafi's Assorted Antiques.
  8734 | D:9      | Noticed a boulder beetle
  8762 | D:9      | Noticed a centaur warrior
  8764 | D:9      | Noticed a deep elf pyromancer
  8773 | D:9      | Noticed a boulder beetle
  8777 | D:9      | Noticed a brown ugly thing
  8920 | D:9      | Killed a deep elf pyromancer
  8920 | D:9      | Killed a centaur warrior
  8920 | D:9      | Killed a boulder beetle
  8920 | D:9      | Killed a brown ugly thing
  8920 | D:9      | Killed a boulder beetle
  8921 | D:9      | Reached skill level 15 in Unarmed Combat
  8921 | D:9      | Reached XP level 11. HP: 75/75 MP: 11/11
  9144 | D:9      | Reached skill level 16 in Unarmed Combat
  9155 | D:9      | Found a staircase to the Lair.
  9239 | D:9      | Found a staircase to the Orcish Mines.
  9355 | D:8      | Bought a scroll of poison for 52 gold pieces
  9355 | D:8      | Bought a scroll of acquirement for 676 gold pieces
  9355 | D:8      | Bought a scroll of teleportation for 39 gold pieces
  9355 | D:8      | Acquired 809 gold pieces
  9452 | D:10     | Entered Level 10 of the Dungeon
  9455 | D:10     | Bought a potion of curing for 33 gold pieces
  9455 | D:10     | Bought a potion of heal wounds for 55 gold pieces
  9455 | D:10     | Bought a potion of might for 44 gold pieces
  9455 | D:10     | Bought a potion of invisibility for 88 gold pieces
  9455 | D:10     | Bought a potion of curing for 33 gold pieces
  9645 | D:10     | Noticed Erolcha
  9651 | D:10     | Killed Erolcha
  9770 | D:10     | Noticed Urug
  9784 | D:10     | Killed Urug
  9829 | D:10     | Identified the +3 cloak of Atheism {-Tele Str+2 Int+3}
 10078 | D:10     | Reached skill level 17 in Unarmed Combat
 10184 | D:10     | Reached XP level 12. HP: 71/82 MP: 12/12
 10384 | D:10     | Reached skill level 18 in Unarmed Combat
 10860 | D:11     | Noticed Grum
 10893 | D:11     | Killed Grum
 10926 | D:11     | Noticed a two-headed ogre
 10932 | D:11     | Killed a two-headed ogre
 11083 | D:11     | Identified the +4 plate armour "Ilur" {Dex+2}
 11087 | D:11     | Noticed a centaur warrior
 11096 | D:11     | Killed a centaur warrior
 11278 | D:11     | Noticed Psyche
 11292 | D:11     | Killed Psyche
 11586 | D:11     | Found a portal to a secret trove of treasure.
 11839 | Orc:1    | Entered Level 1 of the Orcish Mines
 12066 | Orc:1    | Reached skill level 19 in Unarmed Combat
 12704 | Orc:1    | Bought a pair of runed gloves for 217 gold pieces
 12713 | Orc:2    | Entered Level 2 of the Orcish Mines
 12729 | Orc:2    | Noticed Azrael
 12740 | Orc:2    | Reached skill level 1 in Fighting
 12753 | Orc:2    | Killed Azrael
 12895 | Orc:2    | Noticed Donald
 12926 | Orc:2    | Slain by Donald

Illustrated notes

Levels and vault maps discovered:
D:1:      lightli_arrival_boilingwater, layout_basic, serial_forest,
          infiniplex_forest_lined_2, infiniplex_forest_clump_diagonal,
          infiniplex_forest_lined_3, infiniplex_forest_end_3,
          infiniplex_forest_end_2, infiniplex_forest_straight_3,
          infiniplex_forest_clump_curved, infiniplex_forest_straight_2
D:2:      minmay_razor_zed, layout_rooms, basic_altar,
          kennysheep_cluttered_room, kennysheep_cross_bottleneck,
          minmay_rat_gold_closets, uniq_jessica
D:3:      kennysheep_the_goblin_king, layout_rooms,
          chequers_temple_overflow_minitemple, serial_undead, serial_undead_f,
          serial_undead_e, serial_undead_d, serial_undead_d,
          minmay_quadrilaterals
D:4:      layout_basic, serial_shops, shop, uniq_sigmund
D:5:      layout_basic, xom_confusion_cloud, mainiacjoe_overflow_big_doors,
          minmay_misc_feat_five, uniq_duvessa
D:6:      layout_rooms
D:7:      nicolae_whirlpool, layout_cave_pods, temple_pool_b
D:8:      layout_basic, kennysheep_generic_room_5
D:9:      layout_loops_ring, nicolae_overflow_hidden_temple, lair_entry_dummy,
          orc_0_dummy, serial_shops, nicolae_shop_dealshenge, minivault_12
D:10:     hangedman_screamer, layout_stronghold,
          hangedman_abyss_or_decor_passed, minmay_unpleasant_kobolds,
          uniq_erolcha, uniq_urug
D:11:     layout_gridville, nicolae_trove_entry_path_of_doom, uniq_psyche,
          uniq_grum
D:12:     layout_cross, slow_altar_2
Temple:   nicolae_temple_ecumenical_triangle
Orc:1:    layout_caves
Orc:2:    st_orc_ogre_mass, layout_diamond_mine, uniq_snorg, uniq_azrael,
          uniq_donald

Skill      XL: |  1  2  3  4  5  6  7  8  9 10 11 12 |
---------------+-------------------------------------+-----
Unarmed Combat | 1 2 3 4 5 6 8 10 13 15 17 19 | 19.3
Fighting       | 3 |  3.0
Armour         | |  2.4
Dodging        | |  0.6
Stealth        | |  1.1
Evocations     | |  3.0

Action                     |  1- 3 |  4- 6 |  7- 9 | 10-12 || total
---------------------------+-------+-------+-------+-------++-------
  Melee: Unarmed           |    94 |   129 |   279 |   677 ||  1179
         Tailslap          |     9 |    15 |    35 |    98 ||   157
         Punch             |     3 |       |       |       ||     3
   Fire: Sling             |    38 |    87 |       |       ||   125
  Throw: Throwing net      |       |       |       |     4 ||     4
 Invoke: Renounce Religion |       |     1 |       |       ||     1
         Call Merchant     |       |       |       |     3 ||     3
Ability: Begin Untransform |       |     1 |       |       ||     1
  Evoke: Wand              |     2 |     7 |    28 |    30 ||    67
    Use: Potion            |       |       |     7 |    10 ||    17
         Scroll            |       |       |     1 |    26 ||    27
   Stab: Distracted        |       |       |       |     3 ||     3
         Held in net/web   |       |       |       |     5 ||     5
         Fleeing           |       |       |       |     1 ||     1
         Invisible         |       |       |       |     1 ||     1
 Armour: Ring mail         |    84 |   148 |   270 |       ||   502
         Leather armour    |       |       |     9 |   367 ||   376
         Skin              |       |       |       |     5 ||     5
         Plate armour      |       |       |       |    96 ||    96
  Dodge: Dodged            |    65 |    83 |   129 |   230 ||   507
  Block: Buckler           |       |    18 |    48 |   141 ||   207
   Form: Beast             |       |     1 |     1 |       ||     2
                           |       |       |       |     1 ||     1

Table legend: (Time is in decaauts)
 A = Elapsed time spent in this place.
 B = Non-inter-level travel time spent in this place.
 C = Inter-level travel time spent in this place.
 D = Time resting spent in this place.
 E = Time spent auto-exploring this place.
 F = Levels seen in this place.
 G = Mean time per level.
                   A        B        C        D        E       F      G
               +--------+--------+--------+--------+--------+-----+--------+
         Total |  12845 |  12043 |    802 |   1207 |   8119 |  15 |  856.3 |
       Dungeon |  11878 |  11172 |    706 |   1207 |   7463 |  12 |  989.8 |
        Temple |     18 |      2 |     16 |      0 |      0 |   1 |   18.0 |
  Orcish Mines |    948 |    868 |     80 |      0 |    656 |   2 |  474.0 |
               +--------+--------+--------+--------+--------+-----+--------+

Top non-repeatable levels by time:
     D:7: 1978 daAuts
     D:8: 1726 daAuts
    D:10: 1369 daAuts
     D:2: 1035 daAuts
     D:9: 1026 daAuts
     D:3: 935 daAuts
     D:6: 891 daAuts
    D:11: 880 daAuts
     D:4: 771 daAuts
   Orc:1: 745 daAuts
     D:5: 664 daAuts
     D:1: 592 daAuts
   Orc:2: 202 daAuts
  Temple: 18 daAuts
    D:12: 6 daAuts
